 Dungeon Crawl Stone Soup version 0.31.0 (webtiles) character file.

Game seed: 6090738354771662480

112 qw the Shooter (level 4, -3/28 HPs)
             Began as a Gargoyle Hunter on Jan 20, 2024.
             Killed from afar by an orc wizard (5 damage)
             ... with a magic dart
             ... on level 3 of the Dungeon.
             The game lasted 00:00:09 (1855 turns).

qw the Shooter (Gargoyle Hunter)                    Turns: 1855, Time: 00:00:09

Health: -3/28      AC: 10    Str: 14    XL:     4   Next: 95%
Magic:  4/4        EV: 10    Int: 10    God:
Gold:   105        SH:  5    Dex: 15    Spells: 3/3 levels left

rFire   . . .        a - +0 shortbow
rCold   . . .        (shield currently unavailable)
rNeg    + . .        b - +0 ring mail
rPois   inf          (no helmet)
rElec   +            (no cloak)
rCorr   .            g - +1 pair of gloves
SInv    .            (no boots)
Will    .....        k - amulet of reflection
Stlth   +            (no ring)
HPRegen 0.24/turn    (no ring)
MPRegen 0.09/turn

%: reflection
@: no status effects
A: sickness immunity, AC +3, negative energy resistance 1, electricity
resistance, torment resistance 1, petrification resistance
a: no special abilities


You were on level 3 of the Dungeon.
You visited 1 branch of the dungeon, and saw 3 of its levels.

You collected 105 gold pieces.


Innate Abilities, Weirdness & Mutations

You are immune to sickness and miasma.
Your stone body is resilient. (AC +3)
You are immune to poison.
You resist negative energy. (rN+)
You are resistant to electric shocks. (rElec)
You are resistant to unholy torment.
You are immune to petrification.


   Skills:
 - Level 3.4 Fighting
 + Level 5.4 Ranged Weapons
 - Level 1.0 Armour
 - Level 1.5 Dodging
 - Level 1.1 Stealth


You had 3 spell levels left.
You didn't know any spells.
Your spell library was empty.

Inventory:

Hand Weapons
 a - a +0 shortbow (weapon)
Armour
 b - a +0 ring mail (worn)
 g - a +1 pair of gloves (worn)
Jewellery
 c - a ring of protection from fire
 k - an amulet of reflection (around neck)
Scrolls
 d - 2 scrolls of identify
Potions
 e - a potion of enlightenment
 i - a potion of curing
 j - a potion of haste

Dungeon Overview and Level Annotations

Branches:
Dungeon (3/15)

Altars:

Shops:
D:2 [[*(


Message History

A dart slug comes into view.
You shoot an arrow. The arrow barely misses the dart slug.
You shoot an arrow. The arrow hits the dart slug!
You kill the dart slug!
A giant cockroach comes into view.
You shoot an arrow. The arrow hits the giant cockroach.
You kill the giant cockroach! 3 orcs, an orc wizard and an orc priest come into view.
An orc is wielding a +0 short sword and wearing a +0 chain mail of willpower.
The orc wizard is wielding a +2 dagger of speed.
The orc shouts! x3; The orc wizard shouts!
The orc priest shouts!
The orc priest looks satisfied for a moment.
You shoot an arrow. The arrow barely misses the orc.
You shoot an arrow. The arrow hits the orc.
The orc is severely wounded.
You hear the brisk rusting of a drain nearby.
You block the orc's attack.
You shoot an arrow. The arrow hits the orc!
You kill the orc!
The orc priest calls down the wrath of Beogh upon you.
Beogh smites you!
You shoot an arrow. The arrow closely misses the orc.
The arrow hits the orc but does no damage.
The orc wizard gestures wildly while chanting.
The orc wizard flickers and vanishes!
Deactivating autopickup; reactivate with Ctrl-A.
You shoot an arrow. The arrow hits the orc!
You kill the orc!
The orc priest calls down the wrath of Beogh upon you.
Beogh smites you!
You shoot an arrow. The arrow barely misses the orc.
Something hits you but does no damage. You block the orc's attack.
Something hits you.
You shoot an arrow.
The arrow hits the orc but does no damage.
The orc closely misses you. Something hits you but does no damage.
The orc hits you but does no damage.
You hear some strange, mumbled words.
A magic dart appears from out of thin air!
The magic dart hits you.
You die...

######
......#
#..... ##
##.!...
########## ..
#.#....
#........#
#.....
#.######.#
##....{####.#
#.#
.....oo@....#
##.##
##.##########
#...# #...#
#...# ###.##
##.#.# #
..##....#####
.............
..#.........#


You could see an orc priest and an orc.

Vanquished Creatures
  An orc wizard (D:2)
  An adder (D:2)
  3 dart slugs
  15 orcs
  2 ball pythons
  2 bats
  4 endoplasms
  4 giant cockroaches
  5 goblins
  7 hobgoblins
  A kobold (D:3)
  2 quokkas
  2 frilled lizards (D:1)
  A rat (D:1)
50 creatures vanquished.

Notes
Turn   | Place    | Note
-------+----------+-------------------------------------------
     0 | D:1      | qw the Gargoyle Hunter began the quest for the Orb.
     0 | D:1      | Reached XP level 1. HP: 12/12 MP: 1/1
     0 | D:1      | 0 ||| qw: Version: 0.3-a-132-g3d54051
     0 | D:1      | 0 ||| qw: Game counter: 561
     0 | D:1      | 0 ||| qw: Melee chars always use a shield: true
     0 | D:1      | 0 ||| qw: God list: Okawaru
     0 | D:1      | 0 ||| qw: Allow faded altars: false
     0 | D:1      | 0 ||| qw: Do Orc after clearing Dungeon:15 true
     0 | D:1      | 0 ||| qw: Do second Lair branch before Depths: true
     0 | D:1      | 0 ||| qw: Lair rune preference: random
     0 | D:1      | 0 ||| qw: Goals: Normal
     0 | D:1      | 0 ||| PLANNING D:1-11
    90 | D:1      | Reached XP level 2. HP: 11/17 MP: 2/2
   795 | D:1      | 795 ||| READING 5 scrolls labelled LOCO TOASHEUH.
   795 | D:1      | 795 ||| IDENTIFYING ruby potion
   796 | D:1      | 796 ||| DROPPING scroll of butterflies.
   832 | D:2      | Found Wixekk's Antique Armour Boutique.
   859 | D:2      | Reached XP level 3. HP: 21/21 MP: 3/3
   922 | D:2      | Reached skill level 5 in Ranged Weapons
  1018 | D:2      | Noticed a +0 great mace
  1019 | D:2      | Found Ytedoer's Weapon Shop.
  1022 | D:2      | Noticed a +0 demon whip
  1070 | D:2      | Found Piaky's General Store.
  1087 | D:2      | Found Naysugu's Antique Armour Boutique.
  1096 | D:2      | 1096 ||| SHOPLISTING cloak (139 gold, have 60).
  1096 | D:2      | 1096 ||| SHOPLISTING runed leather armour (155 gold, have
                  | 60).
  1096 | D:2      | 1096 ||| SHOPLISTING transparent helmet (294 gold, have
                  | 60).
  1101 | D:2      | 1101 ||| RETREEEEATING.
  1103 | D:2      | 1103 ||| DRINKING dark potion.
  1104 | D:2      | 1104 ||| DRINKING fuming grey potion.
  1105 | D:2      | 1105 ||| DRINKING 2 emerald potions.
  1106 | D:2      | 1106 ||| RETREEEEATING.
  1107 | D:2      | 1107 ||| RETREEEEATING.
  1108 | D:2      | 1108 ||| RETREEEEATING.
  1109 | D:2      | 1109 ||| RETREEEEATING.
  1111 | D:2      | 1111 ||| RETREEEEATING.
  1112 | D:2      | 1112 ||| RETREEEEATING.
  1119 | D:2      | Reached skill level 3 in Fighting
  1119 | D:2      | Reached XP level 4. HP: 24/28 MP: 4/4
  1121 | D:2      | 1121 ||| FLEEEEING.
  1138 | D:2      | Found a faded altar of an unknown god.
  1226 | D:2      | 1226 ||| SHOPLISTING dyed leather armour (140 gold, have
                  | 60).
  1226 | D:2      | 1226 ||| SHOPLISTING glowing ring mail (196 gold, have 60).
  1380 | D:2      | 1380 ||| UPGRADING to +0 ring mail.
  1390 | D:2      | 1390 ||| DROPPING +0 leather armour.
  1391 | D:2      | 1391 ||| UPGRADING to +0 pair of gloves.
  1396 | D:2      | 1396 ||| UPGRADING to amulet of reflection.
  1401 | D:2      | 1401 ||| READING 5 scrolls of identify.
  1401 | D:2      | 1401 ||| IDENTIFYING bubbling yellow potion
  1402 | D:2      | 1402 ||| READING 4 scrolls of identify.
  1402 | D:2      | 1402 ||| IDENTIFYING scroll labelled QAOPPO RESTAU
  1403 | D:2      | 1403 ||| READING 3 scrolls of identify.
  1403 | D:2      | 1403 ||| IDENTIFYING scroll labelled MUTSYLL TIERCHU
  1404 | D:2      | 1404 ||| READING scroll of enchant armour.
  1404 | D:2      | 1404 ||| ENCHANTING +0 pair of gloves.
  1405 | D:2      | 1405 ||| DROPPING scroll of revelation.
  1425 | D:3      | 1425 ||| PLANNING SEWER
  1428 | D:3      | 1428 ||| STAIRDANCE
  1449 | D:3      | 1449 ||| STAIRDANCE
  1461 | D:2      | 1461 ||| FLEEEEING.
  1508 | D:3      | 1508 ||| STAIRDANCE
  1517 | D:2      | Reached skill level 1 in Armour
  1853 | D:3      | HP: 6/28 [orc priest/divine providence (13)]
  1854 | D:3      | HP: 1/28 [something (5)]
  1855 | D:3      | Killed from afar by an orc wizard

Levels and vault maps discovered:
D:1:      lemuel_arrival_river_ford, layout_loops_ring, minmay_misc_feat_alley
D:2:      layout_basic, dreamdust_ecumenical_altar_angels_and_demons,
          serial_shops, shop, nicolae_shop_mannequins, shop,
          nicolae_shop_peninsula
D:3:      layout_loops_cross, gup_sewer_entry_spiral

Skill      XL: |  1  2  3  4 |
---------------+-------------+-----
Ranged Weapons | 5 |  5.4
Fighting       | 3 |  3.4
Armour         | 1 |  1.0
Dodging        | |  1.5
Stealth        | |  1.1

Action                     |  1- 3 |  4- 6 || total
---------------------------+-------+-------++-------
   Fire: Shortbow          |    98 |    78 ||   176
    Use: Scroll            |     1 |     4 ||     5
         Potion            |     3 |       ||     3
 Armour: Leather armour    |    40 |     4 ||    44
         Ring mail         |       |    31 ||    31
  Dodge: Dodged            |    29 |    28 ||    57
  Block: Other             |       |     7 ||     7

Table legend:
 A = Non-vault XP
 B = Vault XP
 C = Vault XP percentage of total XP
 D = Non-vault monster count
 E = Vault monster count
 F = Vault count percentage of total count
                 A         B        C        D         E       F
            +---------+---------+-------+---------+---------+-------
      Total |     161 |       0 |   0.0 |      50 |       0 |   0.0
            +---------+---------+-------+---------+---------+-------
        D:1 |      29 |       0 |   0.0 |      14 |       0 |   0.0
        D:2 |      96 |       0 |   0.0 |      22 |       0 |   0.0
        D:3 |      36 |       0 |   0.0 |      14 |       0 |   0.0
            +---------+---------+-------+---------+---------+-------
